Map: Central Protocol

Players

MorN

  • Race: Terran Terran
  • League: Diamond

HOK - Winner!

  • Race: Protoss Protoss
  • League: Platinum

VOD

Have the link to the VOD?

Description

Time

  • Played on: Nov. 13, 2015, 9:16 p.m.
  • Length: 14:00
Show
View Real Time Build Order
Export as new Build Order

MorN Terran 

Build Orders: Reaper Expand, MMM Bio 

Get SALT Encoding   

  12  0:00  SCV  
  13  0:13  SCV  
  14  0:17  Supply Depot  
  14  0:28  SCV  
  15  0:40  SCV, Barracks  
  16  0:44  Refinery  
  16  0:52  SCV  
  17  1:04  SCV  
  18  1:16  SCV  
  19  1:29  Reaper, Orbital Command  
  20  1:58  Command Center  
  20  1:59  SCV  
  21  2:12  SCV  
  22  2:24  SCV  
  22  2:25  Barracks Reactor  
  22  2:28  Barracks x2  
  22  2:37  SCV  
  23  2:46  Factory  
  23  2:54  Supply Depot  
  23  3:10  SCV, Marine x2  
  26  3:13  Refinery, Orbital Command  
  26  3:17  Barracks Tech Lab x2  
  26  3:24  Refinery  
  26  3:27  SCV  
  26  3:31  Marine x2  
  29  3:40  Starport, Concussive Shells  
  28  3:43  Marauder  
  28  3:46  SCV  
  30  4:03  Orbital Command  
  29  4:11  Factory Reactor  
  29  4:12  Marauder x2, Marine  
  32  4:23  SCV  
  33  4:30  SCV  
  34  4:32  Marine x2  
  34  4:36  SCV  
  37  4:42  SCV  
  37  4:44  Stimpack  
  38  4:48  SCV  
  38  4:51  Marine x3  
  38  4:52  Marine  
  43  4:54  SCV  
  44  5:00  SCV  
  44  5:04  Supply Depot  
  44  5:06  Supply Depot x2, SCV  
  46  5:11  Factory Reactor  
  46  5:20  Bunker  
  46  5:25  Marine x2  
  46  5:26  SCV x2, Medivac x2  
  46  5:27  Marauder, Marine  
  57  5:38  SCV  
  54  5:46  SCV  
  52  5:50  SCV  
  52  5:52  Marine x2  
  52  5:53  Marauder x2  
  52  5:54  Widow Mine x2  
  60  6:00  SCV  
  61  6:05  SCV  
  61  6:10  Marine  
  63  6:12  SCV  
  63  6:16  Supply Depot  
  63  6:17  SCV  
  65  6:21  Supply Depot  
  65  6:24  SCV  
  66  6:29  SCV  
  67  6:36  SCV  
  67  6:38  Widow Mine x2, Medivac x2  
  76  6:41  SCV  
  76  6:46  Combat Shields  
  77  6:49  SCV  
  77  6:51  Marauder x2  
  77  6:53  SCV  
  83  7:01  SCV  
  84  7:05  SCV  
  84  7:07  Marine x2  
  80  7:11  Marine  
  80  7:12  Marauder  
  80  7:13  SCV  
  82  7:17  SCV  
  83  7:25  Marine x2  
  83  7:30  Marauder  
  83  7:33  Marine  
  83  7:43  Marine x2  
  85  7:51  Marauder x2  
  81  8:01  Marine x2  
  83  8:09  Command Center  
  85  8:13  Marauder x2  
  85  8:19  Marine x2  
  81  8:22  Medivac x2  
  82  8:33  Marine x2  
  67  8:36  Marine  
  67  8:37  Marine  
  42  8:52  Medivac, Marauder x2  
  42  8:54  Marine x2  
  46  8:59  SCV x2  
  40  9:11  SCV  
  40  9:12  Marine x2  
  40  9:13  Marauder, Marine  
  43  9:30  Marine x2  
  47  9:31  Marauder  
  47  9:33  Barracks  
  47  9:34  Marine  
  47  9:36  Barracks  
  43  9:48  Marine  
  42  9:56  Engineering Bay  
  41  10:06  Marauder x2, Marine x2  
  47  10:08  Medivac x2  
  47  10:39  Marine x2  
  47  10:41  Marine x2  
  41  11:06  Marine x3  
  41  11:13  Marine x2  
  41  11:15  Marine  
  44  11:23  Marine  
  42  11:28  Orbital Command  
  42  11:31  Marauder  
  44  11:48  Marauder, Marine x2  
  44  11:55  Marauder, Marine x2  
  45  12:12  Marine x2  
  45  12:13  SCV x2, Marauder  
  45  12:25  SCV  
  45  12:29  Marine x2  
  50  12:31  SCV  
  47  12:39  Marine  
  47  12:40  Marine  
  49  12:46  Medivac  
  49  12:58  SCV  
  48  13:10  SCV  
  38  13:22  SCV  
  36  13:32  Marauder, Marine x3  
  36  13:33  Marauder  
  39  13:34  SCV  
  39  13:40  Marine  
  41  13:46  SCV  
Show
View Real Time Build Order
Export as new Build Order

HOK Protoss - Winner!

Build Orders:  

Get SALT Encoding   

  12  0:01  Probe (Chrono Boost)  
  13  0:11  Probe (Chrono Boost)  
  14  0:18  Pylon  
  14  0:22  Probe (Chrono Boost)  
  14  0:28  Assimilator  
  15  0:36  Probe (Chrono Boost)  
  16  0:46  Gateway  
  16  0:47  Probe (Chrono Boost)  
  17  0:57  Probe (Chrono Boost), Assimilator  
  18  1:08  Probe (Chrono Boost)  
  19  1:15  Pylon  
  20  1:18  Probe (Chrono Boost)  
  20  1:29  Probe (Chrono Boost)  
  21  1:35  Cybernetics Core  
  21  1:39  Probe (Chrono Boost)  
  22  1:50  Probe (Chrono Boost)  
  24  2:14  Mothership Core (Chrono Boost)  
  24  2:20  Nexus  
  24  2:22  Warp Gate  
  23  2:32  Pylon  
  23  2:33  Probe (Chrono Boost)  
  24  2:41  Adept (Chrono Boost)  
  24  2:43  Probe (Chrono Boost)  
  27  2:55  Probe  
  28  3:00  Robotics Facility  
  28  3:08  Probe  
  29  3:20  Probe, Pylon  
  30  3:32  Probe  
  31  3:40  Probe  
  31  3:44  Probe, Gateway  
  31  3:46  Gateway  
  33  3:51  Probe  
  34  3:56  Probe  
  35  4:16  Probe x2 (Chrono Boost)  
  34  4:17  Warp Prism (Chrono Boost)  
  34  4:22  Gateway  
  37  4:25  Gateway  
  37  4:27  Probe (Chrono Boost)  
  37  4:30  Probe (Chrono Boost)  
  39  4:32  Gateway  
  39  4:34  Adept  
  41  4:41  Pylon  
  41  4:49  Adept x2  
  41  4:51  Probe (Chrono Boost)  
  46  4:54  Probe (Chrono Boost)  
  46  4:56  Observer (Chrono Boost)  
  46  4:59  Assimilator  
  48  5:02  Probe (Chrono Boost)  
  48  5:06  Robotics Bay  
  49  5:23  Adept x3  
  49  5:24  Adept  
  49  5:26  Probe x2 (Chrono Boost)  
  59  5:41  Probe (Chrono Boost)  
  56  5:44  Probe (Chrono Boost)  
  53  5:51  Disruptor (Chrono Boost)  
  53  5:52  Probe (Chrono Boost)  
  57  5:57  Gravitic Drive (Chrono Boost)  
  57  5:59  Stalker x3  
  57  6:00  Stalker  
  57  6:03  Stalker, Pylon  
  57  6:04  Stalker, Pylon  
  69  6:08  Probe  
  70  6:21  Probe x2  
  70  6:24  Pylon  
  72  6:27  Pylon  
  72  6:34  Disruptor  
  77  6:40  Zealot  
  77  6:41  Zealot x3  
  77  6:44  Assimilator  
  77  6:45  Assimilator  
  83  6:56  Stalker x2  
  87  7:02  Pylon  
  87  7:04  Pylon  
  83  7:09  Zealot  
  83  7:10  Zealot x3  
  83  7:13  Disruptor  
  86  7:23  Adept  
  86  7:24  Adept  
  90  7:32  Zealot x2  
  90  7:33  Zealot x2  
  84  7:46  Twilight Council  
  84  7:53  Stalker x6  
  92  8:19  Adept x4  
  100  8:20  Adept  
  71  8:42  Adept x3  
  71  8:43  Adept x3  
  77  8:50  Nexus  
  75  8:56  Disruptor  
  74  9:04  Pylon  
  74  9:05  Mothership Core, Pylon  
  74  9:07  Pylon  
  74  9:10  Stalker, Zealot  
  74  9:11  Zealot x2  
  74  9:33  Disruptor, Zealot  
  74  9:34  Adept x5  
  65  10:05  Blink (Chrono Boost)  
  59  10:08  Disruptor  
  62  10:17  Stalker  
  62  10:18  Stalker x3  
  62  10:19  Zealot x2  
  58  10:47  Adept  
  58  10:49  Probe, Disruptor  
  61  10:54  Probe  
  64  11:12  Stalker x4  
  64  11:13  Zealot x2  
  73  11:26  Disruptor  
  76  11:36  Gateway  
  76  11:37  Stalker x2  
  76  11:38  Gateway  
  79  11:41  Stalker  
  65  12:03  Stalker  
  65  12:04  Stalker x3  
  60  12:25  Stalker x2  
  60  12:29  Stalker x3  
  66  12:40  Adept  
  68  12:48  Assimilator  
  68  12:52  Assimilator  
  68  12:56  Adept  
  62  13:20  Zealot x3  
  62  13:21  Zealot x5  
  69  13:42  Adept x6  
  69  13:43  Adept  
Tags
 
Add a new tag
Caveats
  • Supply blocks, unpowered buildings, or Contaminate may cause inaccurate times.
  • Supply counts are checked every 10 seconds.